[Event "Titled Tuesday Blitz June 20 Late 2023"]
[White "Rasulov, Vugar"]
[Black "Bryakin, Mikhail"]
[WhiteFideId "13402390"]
[BlackFideId "4165314"]
[WhiteElo "2509"]
[BlackElo "2464"]
[Result "1-0"]
[Round "7"]
[TimeControl "180+2"]
[Date "2023.06.20"]
[WhiteClock "0:01:45"]
[BlackClock "0:00:57"]
[Board "10"]

1. e4 d5 2. exd5 Qxd5 3. Nc3 Qe5+ 4. Be2 Bg4 5. d4 Bxe2 6. Ngxe2 Qa5 7. b4 Qh5 8. Qd3 Nc6 9. Nf4 Qg4 10. d5 Nd8 11. O-O Nf6 12. Re1 g5 13. Nb5 Kd7 14. h3 Qh4 15. Qf5+ e6 16. dxe6+ fxe6 17. Nxe6 1-0


[Site "https://www.chess.com"]

[Event "Titled Tuesday Blitz June 20 Late 2023"]
[White "Anton Guijarro, David"]
[Black "Volkov, Maksim"]
[WhiteFideId "2285525"]
[BlackFideId "54123070"]
[WhiteElo "2618"]
[BlackElo "2295"]
[Result "1-0"]
[Round "7"]
[TimeControl "180+2"]
[Date "2023.06.20"]
[WhiteClock "0:00:18"]
[BlackClock "0:00:10"]
[Board "11"]

1. Nf3 d5 2. c4 e6 3. g3 Nf6 4. Bg2 dxc4 5. Qa4+ Nbd7 6. Qxc4 a6 7. Qc2 c5 8. O-O b5 9. a4 Bb7 10. Nc3 b4 11. Nb1 Be7 12. d3 O-O 13. Nbd2 Nd5 14. e4 N5b6 15. a5 Nc8 16. Nb3 Na7 17. Be3 Rc8 18. Nfd2 Nc6 19. f4 e5 20. Nc4 Nd4 21. Bxd4 cxd4 22. Bh3 exf4 23. gxf4 Rc6 24. Bxd7 Qxd7 25. f5 Rh6 26. Qg2 Bc6 27. Rf3 Kh8 28. Raf1 Bb5 29. Nbd2 Qd8 30. Rg3 Rg8 31. Ne5 Qe8 32. Ndc4 Bd8 33. Ng4 Rh4 34. Nd6 Qd7 35. Ne5 1-0


[Site "https://www.chess.com"]

[Event "Titled Tuesday Blitz June 20 Late 2023"]
[White "Xiong, Jeffery"]
[Black "Salimova, Nurgyul"]
[WhiteFideId "2047640"]
[BlackFideId "2915138"]
[WhiteElo "2726"]
[BlackElo "2343"]
[Result "1-0"]
[Round "7"]
[TimeControl "180+2"]
[Date "2023.06.20"]
[WhiteClock "0:01:50"]
[BlackClock "0:00:00"]
[Board "12"]

1. e4 e5 2. Nf3 Nc6 3. Nc3 Nf6 4. d4 exd4 5. Nxd4 Bb4 6. Nxc6 bxc6 7. Bd3 d5 8. exd5 O-O 9. O-O cxd5 10. h3 c6 11. Qf3 Bd6 12. Bf4 Rb8 13. b3 Rb4 14. Ne2 Bxf4 15. Nxf4 Qd6 16. c4 g6 17. Rfd1 Kg7 18. Bc2 d4 19. c5 Qd7 20. a3 Rb8 21. Ne2 Qe7 22. b4 Be6 23. Nxd4 Bd5 24. Qf4 a5 25. Re1 Qd8 26. Qd2 axb4 27. axb4 Re8 28. Qc3 Rxe1+ 29. Rxe1 Kg8 30. Bd3 h5 31. b5 cxb5 32. Nxb5 Rc8 33. Qd4 Bxg2 34. Kxg2 Qxd4 35. Nxd4 Rxc5 36. Nf3 Kg7 37. Kg3 Rc3 38. Bb1 g5 39. Kg2 g4 40. hxg4 hxg4 41. Nd4 Nd5 42. Re4 Nf6 43. Rf4 Rc5 44. Nf5+ Kg6 45. Ng3+ Kg5 46. Rxf6 Kxf6 47. Ne4+ Ke5 48. Nxc5 f5 49. Nd3+ Kd4 50. Kg3 1-0


[Site "https://www.chess.com"]

[Event "Titled Tuesday Blitz June 20 Late 2023"]
[White "Keleberda, Tymur"]
[Black "Ibarra Jerez, Jose Carlos"]
[WhiteFideId "14174294"]
[BlackFideId "2226332"]
[WhiteElo "2198"]
[BlackElo "2631"]
[Result "0-1"]
[Round "7"]
[TimeControl "180+2"]
[Date "2023.06.20"]
[WhiteClock "0:02:28"]
[BlackClock "0:02:09"]
[Board "13"]

1. e4 c5 2. Nf3 Nc6 3. Bb5 e6 4. O-O Nge7 5. Re1 Nd4 6. c3 Nxb5 7. d4 cxd4 8. cxd4 d5 9. a4 Nd6 10. Nc3 Nxe4 11. Nxe4 dxe4 12. Rxe4 Nd5 13. Bg5 Be7 14. Qd2 O-O 15. Rae1 f6 16. Bh4 Bb4 17. Qd3 Bxe1 18. Rxe1 Bd7 19. Ne5 Qa5 0-1


[Site "https://www.chess.com"]

[Event "Titled Tuesday Blitz June 20 Late 2023"]
[White "Liang, Awonder"]
[Black "Korchmar, Vasiliy"]
[WhiteFideId "2056437"]
[BlackFideId "24131750"]
[WhiteElo "2508"]
[BlackElo "2370"]
[Result "1-0"]
[Round "7"]
[TimeControl "180+2"]
[Date "2023.06.20"]
[WhiteClock "0:01:05"]
[BlackClock "0:00:00"]
[Board "14"]

1. e4 c5 2. Be2 Nc6 3. Nc3 g6 4. f4 Bg7 5. Nf3 d6 6. O-O Rb8 7. Qe1 Nf6 8. d3 b5 9. Qh4 b4 10. Nd1 Bg4 11. Be3 O-O 12. Nf2 Bxf3 13. Bxf3 Nd7 14. Rab1 Nd4 15. Bd1 Bf6 16. Qh3 Rb7 17. Ng4 Bg7 18. f5 Ne5 19. Nh6+ Kh8 20. Rc1 Rb8 21. c3 bxc3 22. bxc3 Nxd3 23. cxd4 cxd4 24. fxg6 fxg6 25. Bb3 dxe3 26. Rxf8+ Qxf8 27. Nf7+ Qxf7 28. Bxf7 Nxc1 29. Bxg6 h6 30. Kf1 e2+ 31. Ke1 Rb2 32. Qc8+ 1-0


[Site "https://www.chess.com"]

[Event "Titled Tuesday Blitz June 20 Late 2023"]
[White "Hakobyan, Aram"]
[Black "Leitao, Rafael"]
[WhiteFideId "13306677"]
[BlackFideId "2101246"]
[WhiteElo "2584"]
[BlackElo "2609"]
[Result "1-0"]
[Round "7"]
[TimeControl "180+2"]
[Date "2023.06.20"]
[WhiteClock "0:01:09"]
[BlackClock "0:00:17"]
[Board "15"]

1. d4 Nf6 2. c4 g6 3. Nc3 Bg7 4. e4 d6 5. Be2 O-O 6. Nf3 Nbd7 7. O-O e5 8. Re1 a6 9. Be3 Ng4 10. Bg5 f6 11. Bh4 h5 12. Bg3 Nh6 13. dxe5 dxe5 14. Qb3 Nc5 15. Qa3 b6 16. Rad1 Qe7 17. b4 Ne6 18. Nd5 Qf7 19. c5 bxc5 20. bxc5 g5 21. h4 g4 22. Nd2 f5 23. exf5 Nxf5 24. Bc4 Kh8 25. Ne4 Rb8 26. c6 Nfd4 27. Qe7 Qxe7 28. Nxe7 Kh7 29. Bd3 Kh6 30. Ng5 Nxg5 31. hxg5+ Kxg5 32. Bxe5 Bxe5 33. Rxe5+ Kf6 34. Rde1 Be6 35. Nd5+ Bxd5 36. Rxd5 Rbd8 37. Rxh5 Rg8 38. Bxa6 Nxc6 39. Rh6+ Rg6 40. Rxg6+ 1-0


[Site "https://www.chess.com"]

[Event "Titled Tuesday Blitz June 20 Late 2023"]
[White "Sattarov, Bobir"]
[Black "Bortnyk, Mykola"]
[WhiteFideId "14203081"]
[BlackFideId "14120836"]
[WhiteElo "2351"]
[BlackElo "2592"]
[Result "0-1"]
[Round "7"]
[TimeControl "180+2"]
[Date "2023.06.20"]
[WhiteClock "0:00:00"]
[BlackClock "0:00:25"]
[Board "16"]

1. e4 Nf6 2. e5 Nd5 3. c4 Nb6 4. d4 d6 5. exd6 cxd6 6. Nc3 g6 7. Bd3 Bg7 8. Nge2 Nc6 9. Be3 e5 10. dxe5 Nxe5 11. b3 Nxd3+ 12. Qxd3 Bf5 13. Qd2 d5 14. Bd4 f6 15. Bxb6 axb6 16. Qxd5 Qxd5 17. Nxd5 Kf7 18. O-O b5 19. Nc7 bxc4 20. Nxa8 Rxa8 21. Rfd1 Bd3 22. Nf4 f5 23. Rac1 cxb3 24. axb3 Bb5 25. Rc7+ Kg8 26. Rxb7 Bc6 27. Rc7 Be4 28. Ne6 Be5 29. Rcd7 Bf6 30. Rc7 Be5 31. Rc5 Bd6 32. Rcc1 Ra6 33. Rc8+ Kf7 34. Ng5+ Kf6 35. Nxe4+ fxe4 36. g3 Be5 37. Rc4 e3 38. fxe3 Ra3 39. Rb4 Ra2 40. Rb5 Ke6 41. Rdd5 Bd6 42. e4 Bc7 43. Rdc5 Bd8 44. Rc8 Be7 45. Rb6+ Kd7 46. Rc4 Bg5 47. Rb5 Be3+ 48. Kf1 Rf2+ 49. Kg1 Rf5+ 50. Kg2 Rxb5 51. Kf3 Rxb3 52. Kg4 Bg1 0-1


[Site "https://www.chess.com"]

[Event "Titled Tuesday Blitz June 20 Late 2023"]
[White "Riehle, Marco"]
[Black "Makhnev, Denis"]
[WhiteFideId "12904392"]
[BlackFideId "13707647"]
[WhiteElo "2462"]
[BlackElo "2515"]
[Result "1-0"]
[Round "7"]
[TimeControl "180+2"]
[Date "2023.06.20"]
[WhiteClock "0:01:06"]
[BlackClock "0:00:22"]
[Board "17"]

1. e4 c6 2. c4 d5 3. cxd5 cxd5 4. exd5 Nf6 5. Nc3 g6 6. Bc4 Bg7 7. Nf3 O-O 8. O-O Nbd7 9. d3 a6 10. a4 Nb6 11. Qb3 Bg4 12. Ne5 Bf5 13. Re1 Rc8 14. Be3 Nxc4 15. dxc4 Qc7 16. Bd4 Ng4 17. Bb6 Qd6 18. c5 Qb8 19. Nxg4 Bxg4 20. Qc4 h5 21. Rxe7 Bf5 22. Rd1 Be5 23. g3 Bd6 24. Re3 Bxc5 25. Bxc5 b6 26. b4 bxc5 27. bxc5 Qb2 28. c6 Bg4 29. Rde1 Rfd8 30. Ne4 Qe5 31. d6 Be6 32. Qc3 Qxc3 33. Rxc3 f5 34. Ng5 Bd5 35. d7 Rxc6 36. Re8+ Kg7 37. Rxc6 Rxd7 38. Rc1 Bb7 39. Rc7 Rxc7 40. Ne6+ Kf7 41. Nxc7 1-0


[Site "https://www.chess.com"]

[Event "Titled Tuesday Blitz June 20 Late 2023"]
[White "Fodor, Tamas Jr."]
[Black "Henriquez Villagra, Cristobal"]
[WhiteFideId "723762"]
[BlackFideId "3409350"]
[WhiteElo "2504"]
[BlackElo "2542"]
[Result "1/2-1/2"]
[Round "7"]
[TimeControl "180+2"]
[Date "2023.06.20"]
[WhiteClock "0:00:11"]
[BlackClock "0:00:03"]
[Board "18"]

1. d4 d6 2. c4 e5 3. Nf3 e4 4. Ng5 f5 5. Nc3 Be7 6. Nh3 c6 7. g3 Nf6 8. Bg2 d5 9. f3 Be6 10. O-O h6 11. Be3 O-O 12. Qb3 Qd7 13. cxd5 cxd5 14. Rac1 Nc6 15. Na4 b6 16. Nc3 Rac8 17. Qa4 g5 18. fxe4 fxe4 19. Nf2 Na5 20. Qxd7 Bxd7 21. b3 Be6 22. h3 Bd6 23. g4 Bb8 24. Rc2 Nc6 25. a3 Na5 26. Rb1 Rc6 27. Rcc1 Rfc8 28. Na2 Rc2 29. Nb4 Rxc1+ 30. Rxc1 Rxc1+ 31. Bxc1 Nxb3 32. Bb2 Na5 33. Nd1 Kf7 34. Kf2 Nc4 35. Bc1 Bd6 36. Nc3 a5 37. Nc2 Bd7 38. e3 Ke6 39. Bf1 b5 40. Na2 Bc6 41. Be2 Nd7 42. Kg2 Ndb6 43. Kf2 Na8 44. Nc3 Nab6 45. Na2 Na8 46. Nc3 Nc7 47. Bxc4 bxc4 48. a4 Bb4 49. Bb2 Na6 50. Na3 Bxc3 51. Bxc3 Nb4 52. Ke2 Bxa4 53. Kd2 Kd6 54. Nb1 Kc6 55. Bb2 Kb7 56. Nc3 Bd7 57. Ba3 Kc6 58. Ke2 Be6 59. Kf2 Kb6 60. Ke2 Kc6 61. Kf2 Na6 62. Bf8 Nc7 63. Bxh6 Nb5 64. Na4 c3 65. Ke2 c2 66. Kd2 Na3 67. Bf8 Nc4+ 68. Kxc2 Nxe3+ 69. Kd2 Ng2 70. Be7 Nf4 71. Bxg5 Nxh3 72. Be3 Bxg4 73. Nc5 Kb5 74. Kc3 a4 75. Nb7 Bd1 76. Nd6+ Ka5 77. Kb2 Bb3 78. Bd2+ Kb6 79. Be3 Kc6 80. Nf5 Kd7 81. Ng3 Ke6 82. Ne2 Kf5 83. Nc3 Kg4 84. Ka3 Kf3 85. Bh6 e3 86. Bxe3 Kxe3 87. Nxd5+ Bxd5 88. Kxa4 Kxd4 89. Kb5 Nf4 90. Kb4 Bc6 91. Kb3 Nd3 92. Ka3 Kc3 93. Ka2 Bd5+ 94. Ka3 Bc4 95. Ka4 Nb2+ 96. Ka3 Bb5 97. Ka2 Nc4 98. Ka1 Ba4 99. Ka2 Nd2 100. Ka3 Bc2 101. Ka2 Nb3 102. Ka3 Bb1 103. Ka4 Nd4 104. Ka3 Nb5+ 105. Ka4 Kc4 106. Ka5 Bc2 107. Kb6 Be4 108. Ka5 Bc2 109. Kb6 Be4 110. Ka5 Nd4 111. Ka4 Nb5 112. Ka5 1/2-1/2


[Site "https://www.chess.com"]

[Event "Titled Tuesday Blitz June 20 Late 2023"]
[White "Can, Isik"]
[Black "Steinberg, Nitzan"]
[WhiteFideId "6383742"]
[BlackFideId "2801795"]
[WhiteElo "2374"]
[BlackElo "2486"]
[Result "1-0"]
[Round "7"]
[TimeControl "180+2"]
[Date "2023.06.20"]
[WhiteClock "0:00:19"]
[BlackClock "0:00:02"]
[Board "19"]

1. e4 g6 2. d4 Bg7 3. Nf3 d6 4. c3 Nf6 5. Bd3 O-O 6. h3 Nc6 7. O-O e5 8. Re1 a5 9. Be3 Re8 10. Nbd2 Nh5 11. Bb5 Bd7 12. Qa4 Nf4 13. Bxf4 exf4 14. Nc4 Nb8 15. Bxd7 Nxd7 16. e5 d5 17. Ncd2 Nb6 18. Qb5 c6 19. Qd3 a4 20. b3 a3 21. Nf1 Re6 22. Re2 h6 23. N1h2 h5 24. Ne1 Nd7 25. Nhf3 Qe7 26. h4 Bh6 27. Qd2 f6 28. Nd3 fxe5 29. Ndxe5 Nxe5 30. Rxe5 Rxe5 31. dxe5 Rf8 32. Re1 Qe6 33. Qc1 Ra8 34. Qc2 c5 35. Qd3 Re8 36. Qb5 Qc6 37. Qa5 Bf8 38. Qxa3 Be7 39. Qc1 Rf8 40. Qc2 Qe6 41. Qd3 Kg7 42. Rd1 Rd8 43. Qb5 Qc6 44. Qe2 Qe6 45. a4 d4 46. cxd4 Qxb3 47. e6 Bf6 48. d5 Be7 49. Qe5+ Bf6 50. Qc7+ Kg8 51. Re1 Qxd5 52. Qf7+ 1-0


[Site "https://www.chess.com"]

[Event "Titled Tuesday Blitz June 20 Late 2023"]
[White "Barp, Alberto"]
[Black "Rustemov, Alexander"]
[WhiteFideId "872555"]
[BlackFideId "4119002"]
[WhiteElo "2313"]
[BlackElo "2871"]
[Result "0-1"]
[Round "7"]
[TimeControl "180+2"]
[Date "2023.06.20"]
[WhiteClock "0:00:34"]
[BlackClock "0:00:18"]
[Board "20"]

1. d4 d5 2. c4 c6 3. Nf3 Nf6 4. Nc3 a6 5. cxd5 cxd5 6. Bf4 Nc6 7. e3 Bg4 8. h3 Bxf3 9. Qxf3 e6 10. Bd3 Nb4 11. Bb1 Bd6 12. Bg5 h6 13. Bh4 Be7 14. O-O O-O 15. Rd1 Rc8 16. Bg3 Bd6 17. Bxd6 Qxd6 18. e4 dxe4 19. Nxe4 Nxe4 20. Qxe4 g6 21. Qxb7 Nc2 22. Bxc2 Rxc2 23. Rac1 Rxc1 24. Rxc1 Qxd4 25. Rc8 Qd1+ 26. Kh2 Qd6+ 27. Kg1 Qd1+ 28. Kh2 Qd6+ 29. g3 Qd4 30. Rxf8+ Kxf8 31. Kg1 Qd1+ 32. Kg2 Qa4 33. a3 Kg7 34. h4 g5 35. hxg5 hxg5 36. Qf3 a5 37. Qc3+ f6 38. b4 axb4 39. axb4 Qa8+ 40. Kg1 Qd5 41. Qc2 g4 42. Qb1 Qb5 43. Qe4 f5 44. Qd4+ Kg6 45. Qd6 Qe2 46. Qf4 e5 47. Qc1 Qb5 48. Qc5 Qxc5 49. bxc5 Kf6 50. Kg2 Ke6 51. f3 gxf3+ 52. Kxf3 Kd5 53. g4 fxg4+ 54. Kxg4 Kxc5 55. Kf3 Kd4 56. Kf2 Kd3 57. Ke1 Ke3 0-1


[Site "https://www.chess.com"]

[Event "Titled Tuesday Blitz June 20 Late 2023"]
[White "Saric, Ivan"]
[Black "Makridis, Dimitrios"]
[WhiteFideId "14508150"]
[BlackFideId "25864475"]
[WhiteElo "2576"]
[BlackElo "2277"]
[Result "0-1"]
[Round "7"]
[TimeControl "180+2"]
[Date "2023.06.20"]
[WhiteClock "0:00:00"]
[BlackClock "0:00:05"]
[Board "21"]

1. e4 c5 2. Nf3 e6 3. g3 Nc6 4. Bg2 Nf6 5. d3 d5 6. Nbd2 Be7 7. O-O O-O 8. Re1 b5 9. h4 b4 10. a4 a5 11. b3 h6 12. e5 Ng4 13. Nf1 f6 14. exf6 Bxf6 15. Rb1 Nd4 16. Ne3 Nxe3 17. Bxe3 e5 18. Bxd4 exd4 19. Ne5 Bb7 20. Qh5 Qe8 21. Ng6 Qf7 22. Re2 Rfe8 23. Rbe1 Rxe2 24. Rxe2 Rd8 25. Bh3 Bc8 26. Bxc8 Rxc8 27. Qf5 Rd8 28. Nf4 c4 29. Kg2 cxb3 30. cxb3 Be7 31. Re5 Qxf5 32. Rxf5 Rc8 33. Nxd5 Bf8 34. h5 Rc2 35. Nf4 Rc3 36. Rxa5 Rxb3 37. Ra8 Kf7 38. Ra7+ Kf6 39. a5 Bd6 40. Ra6 Ke7 41. Ra7+ Kf6 42. Ra6 Ke7 43. Ng6+ Kd7 44. Rb6 Rxd3 45. a6 Ra3 46. Nf4 b3 47. Nd3 Kc7 48. Rb5 Kc6 49. Rb7 Rxa6 50. Rxb3 Kd5 51. Kf3 Kc4 52. Nc1 Ra1 53. Rb6 Bc5 0-1


[Site "https://www.chess.com"]

[Event "Titled Tuesday Blitz June 20 Late 2023"]
[White "Grigoriants, Sergey"]
[Black "Leon Oquendo, Jorge"]
[WhiteFideId "4130804"]
[BlackFideId "3514803"]
[WhiteElo "2502"]
[BlackElo "2276"]
[Result "1-0"]
[Round "7"]
[TimeControl "180+2"]
[Date "2023.06.20"]
[WhiteClock "0:00:36"]
[BlackClock "0:00:02"]
[Board "22"]

1. d4 Nf6 2. c4 e6 3. Nc3 Bb4 4. e3 O-O 5. Bd3 d5 6. Ne2 dxc4 7. Bxc4 c5 8. O-O cxd4 9. exd4 Nc6 10. Bg5 h6 11. Bh4 Be7 12. Rc1 Nb4 13. Qb3 a6 14. Bxf6 gxf6 15. a3 b5 16. axb4 bxc4 17. Qxc4 Bb7 18. Rfd1 Rc8 19. Qd3 f5 20. b5 axb5 21. Qxb5 Bc6 22. Qd3 Qb6 23. d5 Bb7 24. dxe6 fxe6 25. Nf4 Bg5 26. Qg3 Rf7 27. h4 Qxb2 28. hxg5 hxg5 29. Qxg5+ Rg7 30. Qf6 Rf8 31. Qxe6+ Kh7 32. Nce2 Qb4 33. Rc3 Rff7 34. Rh3+ Kg8 35. Rd8+ 1-0


[Site "https://www.chess.com"]

[Event "Titled Tuesday Blitz June 20 Late 2023"]
[White "Cardoso Cardoso, Jose Gabriel"]
[Black "Katz, Alexander"]
[WhiteFideId "4430492"]
[BlackFideId "2039796"]
[WhiteElo "2484"]
[BlackElo "2389"]
[Result "1-0"]
[Round "7"]
[TimeControl "180+2"]
[Date "2023.06.20"]
[WhiteClock "0:00:47"]
[BlackClock "0:00:02"]
[Board "23"]

1. e4 d6 2. d4 Nf6 3. Nc3 g6 4. Be3 c6 5. Qd2 b5 6. f3 e5 7. Nge2 b4 8. Nd1 exd4 9. Nxd4 c5 10. Ne2 Bg7 11. a3 bxa3 12. Rxa3 O-O 13. Nec3 Nc6 14. Bc4 Ne5 15. Be2 Be6 16. b3 Re8 17. O-O d5 18. exd5 Nxd5 19. Nxd5 Bxd5 20. Bxc5 Rc8 21. Bf2 Qd6 22. Rxa7 Qc6 23. c4 Be6 24. Nc3 Rcd8 25. Qf4 Nd3 26. Bxd3 Rxd3 27. Ne4 Rxb3 28. Nf6+ Bxf6 29. Qxf6 Bd5 30. Qxc6 Bxc6 31. Rc7 Re6 32. Re1 Rxe1+ 33. Bxe1 Be8 34. Rc8 Kf8 35. Bh4 f5 36. Rc7 h6 37. Be7+ Kf7 38. Bg5+ Ke6 39. Bxh6 Rb1+ 40. Kf2 Rb2+ 41. Kg3 Ba4 42. Bg5 Rc2 43. Re7+ Kd6 44. Rg7 Rxc4 45. Rxg6+ Kd5 46. Bf4 Bc2 47. h4 Rc8 48. h5 Rh8 49. h6 Rh7 50. Kh4 Ba4 51. Kg5 Be8 52. Rg7 Rxg7+ 53. hxg7 Bf7 54. Kf6 1-0


[Site "https://www.chess.com"]

[Event "Titled Tuesday Blitz June 20 Late 2023"]
[White "Elsa167"]
[Black "Koellner, Ruben Gideon"]
[BlackFideId "12993093"]
[WhiteElo "2828"]
[BlackElo "2314"]
[Result "1/2-1/2"]
[Round "7"]
[TimeControl "180+2"]
[Date "2023.06.20"]
[WhiteClock "0:00:03"]
[BlackClock "0:00:03"]
[Board "24"]

1. d4 d6 2. e4 Nf6 3. f3 e5 4. dxe5 dxe5 5. Qxd8+ Kxd8 6. Bc4 Ke8 7. Be3 c6 8. a4 a5 9. Nd2 Na6 10. c3 Bc5 11. Ke2 Bxe3 12. Kxe3 Nc5 13. Ne2 Ke7 14. Rhd1 Rd8 15. Nc1 b6 16. Ncb3 Nxb3 17. Bxb3 Ba6 18. Nc4 Bxc4 19. Bxc4 Rxd1 20. Rxd1 Ne8 21. g3 Nd6 22. Bb3 Rd8 23. Rb1 Rb8 24. Bc2 b5 25. axb5 Nc4+ 26. Ke2 Rxb5 27. Ba4 Rxb2+ 28. Rxb2 Nxb2 29. Bxc6 Nc4 30. Kd3 Nb6 31. f4 f6 32. h4 Kd6 33. Be8 Kc5 34. Bf7 h6 35. fxe5 fxe5 36. g4 g5 37. hxg5 hxg5 38. Be6 Na4 39. Bb3 Nb2+ 40. Kc2 Nc4 41. Kd3 Nb6 42. Be6 Kc6 43. Kc2 Kd6 44. Bf7 Kc5 45. Kb3 Kb5 46. Be8+ Kc5 47. Bf7 Kd6 48. Bg8 Kc6 49. Bf7 Kc7 50. Bg8 Kd6 51. Ka3 Kc5 52. Kb3 Kb5 53. Be6 Kc5 54. Bf7 1/2-1/2


[Site "https://www.chess.com"]

[Event "Titled Tuesday Blitz June 20 Late 2023"]
[White "Harsh Suresh"]
[Black "MaryanKyrychenko"]
[WhiteFideId "45018464"]
[WhiteElo "2209"]
[BlackElo "2552"]
[Result "0-1"]
[Round "7"]
[TimeControl "180+2"]
[Date "2023.06.20"]
[WhiteClock "0:00:00"]
[BlackClock "0:00:13"]
[Board "25"]

1. e4 c5 2. Nc3 a6 3. g3 b5 4. Bg2 Bb7 5. Nge2 b4 6. Na4 e6 7. d4 cxd4 8. Qxd4 Nc6 9. Qb6 Qxb6 10. Nxb6 Bc5 11. Nxa8 Bxa8 12. O-O e5 13. Be3 Bxe3 14. fxe3 Nf6 15. a3 O-O 16. Bf3 bxa3 17. Rxa3 Nb4 18. c3 Nc2 19. Ra4 Nxe3 20. Rfa1 g5 21. h3 Bb7 22. Kf2 g4 23. Bh1 Nc2 24. Rc1 Bc6 25. Rxa6 Nxe4+ 26. Kg1 Bb5 27. Ra5 Bxe2 28. Bxe4 Ne3 29. Kf2 Nc4 30. Rc5 d6 31. Rc6 Nd2 32. Bf5 Bf3 33. Rxd6 Nc4 34. Rh6 Nxb2 35. hxg4 Bxg4 36. Bc2 Rc8 37. Rb1 Nc4 38. Rbh1 Rd8 39. R1h4 Rd2+ 40. Ke1 Re2+ 41. Kf1 Ne3+ 42. Kg1 Rg2+ 43. Kh1 Rxc2 0-1


[Site "https://www.chess.com"]

[Event "Titled Tuesday Blitz June 20 Late 2023"]
[White "Bluebaum, Matthias"]
[Black "Goryachkina, Aleksandra"]
[WhiteFideId "24651516"]
[BlackFideId "4147103"]
[WhiteElo "2639"]
[BlackElo "2471"]
[Result "1-0"]
[Round "7"]
[TimeControl "180+2"]
[Date "2023.06.20"]
[WhiteClock "0:00:40"]
[BlackClock "0:00:00"]
[Board "26"]

1. d4 Nf6 2. c4 e6 3. Nc3 d5 4. cxd5 exd5 5. Bf4 c6 6. e3 Bd6 7. Bxd6 Qxd6 8. Bd3 O-O 9. Nge2 Re8 10. Qd2 Nbd7 11. f3 Nf8 12. e4 dxe4 13. fxe4 Qe7 14. O-O Bg4 15. e5 N6d7 16. Ng3 Rad8 17. Rae1 Nb6 18. Qf4 Be6 19. Nce4 Ng6 20. Qf2 Nxe5 21. dxe5 Rxd3 22. Nf6+ gxf6 23. exf6 Qd6 24. Nf5 Qd7 25. Re4 Kh8 26. Ng7 Rf8 27. Rh4 Qd5 28. Qf4 Rd2 29. Qg3 Rd3 30. Qf4 Rd2 31. Qg3 Rd3 32. Rxh7+ Kxh7 33. Qh4+ Kg6 34. Nxe6 fxe6 35. Qg4+ Qg5 36. Qe4+ Kf7 37. Qh7+ 1-0


[Site "https://www.chess.com"]

[Event "Titled Tuesday Blitz June 20 Late 2023"]
[White "Rastbod, Ali"]
[Black "Sadhwani, Raunak"]
[WhiteFideId "12567477"]
[BlackFideId "35093487"]
[WhiteElo "2281"]
[BlackElo "2631"]
[Result "0-1"]
[Round "7"]
[TimeControl "180+2"]
[Date "2023.06.20"]
[WhiteClock "0:00:00"]
[BlackClock "0:00:47"]
[Board "27"]

1. d4 g6 2. e4 Bg7 3. Nf3 d6 4. Nc3 a6 5. a4 Nf6 6. Be2 O-O 7. O-O Nc6 8. a5 e5 9. d5 Ne7 10. Ne1 Ne8 11. Be3 f5 12. f3 f4 13. Bf2 g5 14. Na4 h5 15. c4 Rf6 16. c5 Rg6 17. cxd6 Nxd6 18. Nc5 g4 19. Ne6 Bxe6 20. dxe6 g3 21. Bc5 gxh2+ 22. Kh1 Kh7 23. Nd3 Rxe6 24. Nf2 Rg6 25. Nh3 Qg8 26. Rf2 Rd8 27. Qc2 Bf6 28. Bf1 Nc6 29. Rd2 Kh6 30. Rad1 Be7 31. Rd5 Rg3 32. Bf2 h4 33. Kxh2 Qe6 34. Bxg3 hxg3+ 35. Kh1 Nb4 36. Qxc7 Nxd5 37. Rxd5 Rc8 38. Rxd6 Bxd6 39. Qxb7 Be7 40. Qa7 Rc1 41. Kg1 Bc5+ 0-1


[Site "https://www.chess.com"]

[Event "Titled Tuesday Blitz June 20 Late 2023"]
[White "Sai Krishna G V"]
[Black "Andreikin, Dmitry"]
[WhiteFideId "5028280"]
[BlackFideId "4158814"]
[WhiteElo "2359"]
[BlackElo "2736"]
[Result "0-1"]
[Round "7"]
[TimeControl "180+2"]
[Date "2023.06.20"]
[WhiteClock "0:00:15"]
[BlackClock "0:01:37"]
[Board "28"]

1. e4 c5 2. Nf3 g6 3. d4 cxd4 4. Nxd4 Nf6 5. Nc3 d6 6. Be3 Nc6 7. f3 h5 8. Qd2 Nxd4 9. Bxd4 Bh6 10. Be3 Bxe3 11. Qxe3 Be6 12. Bb5+ Kf8 13. O-O Qa5 14. f4 Rc8 15. f5 gxf5 16. exf5 Bc4 17. Bxc4 Rxc4 18. Rae1 Qc5 19. Rf3 Rg8 20. Qxc5 Rxc5 21. Rfe3 Rc7 22. Nb5 Rxc2 23. g3 Rxb2 24. Nxa7 Kg7 25. a4 Ra8 26. Nb5 Rxa4 27. Nc7 Raa2 28. Rxe7 Rg2+ 29. Kh1 Rxh2+ 30. Kg1 Rag2+ 31. Kf1 Rxg3 32. Ne6+ Kh6 33. Rxf7 Ng4 34. Re2 Rh1# 0-1


[Site "https://www.chess.com"]

[Event "Titled Tuesday Blitz June 20 Late 2023"]
[White "Mikaelyan, Arman"]
[Black "Spata, German"]
[WhiteFideId "13304852"]
[BlackFideId "113026"]
[WhiteElo "2456"]
[BlackElo "2260"]
[Result "0-1"]
[Round "7"]
[TimeControl "180+2"]
[Date "2023.06.20"]
[WhiteClock "0:00:00"]
[BlackClock "0:00:12"]
[Board "29"]

1. Nf3 Nf6 2. c4 e6 3. g3 d5 4. Bg2 Be7 5. O-O O-O 6. b3 b6 7. Bb2 Bb7 8. d4 c5 9. Nbd2 Nbd7 10. Rc1 Rc8 11. cxd5 Bxd5 12. Nc4 Rc7 13. Nfe5 Bxg2 14. Kxg2 Qa8+ 15. Kg1 Rfc8 16. e3 h6 17. a4 cxd4 18. Qxd4 Nxe5 19. Nxe5 Rxc1 20. Rxc1 Rxc1+ 21. Bxc1 Qc8 22. Qc4 Qxc4 23. Nxc4 Nd7 24. Bd2 Nc5 25. Bb4 Kf8 26. Bxc5 Bxc5 27. Kg2 f6 28. Kf3 Ke7 29. Ke4 Kd7 30. g4 a6 31. Nb2 Bd6 32. Nd3 Bxh2 33. f4 g5 34. f5 Bd6 35. Ne1 Ke7 36. Nf3 Bc5 37. Nd4 Bxd4 38. exd4 Kd6 39. b4 Kd7 40. d5 e5 41. Kd3 Kc7 42. Ke3 a5 43. bxa5 bxa5 44. Kd3 Kd7 45. Ke3 Ke7 46. Kd3 Kd6 47. Kc4 e4 48. Kd4 e3 49. Kxe3 Kxd5 50. Kd3 Ke5 51. Kc4 h5 52. gxh5 Kxf5 53. Kb5 g4 54. Kxa5 g3 55. h6 Kg6 56. Kb6 g2 57. h7 Kxh7 58. a5 g1=Q+ 59. Kb7 Qb1+ 60. Ka8 f5 61. a6 Qa2 62. a7 f4 63. Kb8 Qxa7+ 64. Kxa7 f3 65. Kb6 f2 0-1


[Site "https://www.chess.com"]

[Event "Titled Tuesday Blitz June 20 Late 2023"]
[White "Ganiev, Roman"]
[Black "Indjic, Aleksandar"]
[WhiteFideId "4131452"]
[BlackFideId "911925"]
[WhiteElo "2666"]
[BlackElo "2614"]
[Result "0-1"]
[Round "7"]
[TimeControl "180+2"]
[Date "2023.06.20"]
[WhiteClock "0:00:01"]
[BlackClock "0:00:09"]
[Board "30"]

1. e4 c5 2. Nf3 d6 3. d4 cxd4 4. Nxd4 Nf6 5. Nc3 a6 6. h3 e5 7. Nde2 h5 8. Bg5 Be6 9. Bxf6 Qxf6 10. Nd5 Qd8 11. Nec3 Nd7 12. Bc4 Rc8 13. Bb3 Nc5 14. O-O g5 15. Ne3 Nxb3 16. axb3 g4 17. Ncd5 gxh3 18. Qf3 hxg2 19. Nf6+ Qxf6 20. Qxf6 gxf1=Q+ 21. Kxf1 Rh6 22. Qf3 h4 23. Ke2 Be7 24. c4 h3 25. Nf5 Bxf5 26. Qxf5 Rc6 27. Rh1 h2 28. Qg4 Rb6 29. Qg3 Rh4 30. Rxh2 Rxh2 31. Qxh2 Rxb3 32. Qh8+ Kd7 33. Qh5 Rxb2+ 34. Ke3 a5 35. Qxf7 a4 36. c5 dxc5 37. Qd5+ Bd6 38. Qf7+ Kc6 39. Qd5+ Kc7 40. Qf7+ Kb8 41. Qe8+ Kc7 42. Qxa4 Rb4 43. Qa5+ Kc6 44. Qa8 c4 45. Qc8+ Kb6 46. Qd7 Rb3+ 47. Kd2 Bc5 48. Kc2 Rd3 49. Qe6+ Kb5 50. Qxe5 Rf3 51. Qb2+ Kc6 52. Qe5 Rxf2+ 53. Kc3 Rf3+ 54. Kc2 Kb5 55. Qd5 b6 56. e5 Re3 57. e6 c3 58. Qd7+ Kb4 59. Qd8 Re2+ 60. Kc1 c2 61. Qd7 Kc3 62. Qg7+ Bd4 63. Qg3+ Re3 64. Qg2 Bc5 65. Qf2 Ba3# 0-1


[Site "https://www.chess.com"]